 Dungeon Sprint DCSS version 0.29-a0-356-g7bc237e783 (webtiles) character file.

Game seed: 16538313770679272601

34 Zeldest the Cudgeller (level 3, -1/37 HPs)
             Began as a Troll Fighter on Apr 25, 2022.
             Slain by a scorpion (7 damage)
             ... in the Dungeon (Sprint IX: "|||||||||||||||||||||||||||||").
             The game lasted 00:00:17 (56 turns).

Zeldest the Cudgeller (Troll Fighter)                 Turns: 56, Time: 00:00:18

Health: -1/37      AC:  4    Str: 26    XL:     3   Next: 14%
Magic:  2/2        EV:  9    Int:  4    God:
Gold:   0          SH:  7    Dex:  9    Spells: 2/2 levels left

rFire   . . .      SeeInvis .   a - +0 flail
rCold   . . .      Faith    .   c - +0 kite shield
rNeg    . . .      Spirit   .   b - +0 robe
rPois   .          Reflect  .   (helmet restricted)
rElec   .          Harm     .   (no cloak)
rCorr   .          Rampage  .   (gloves unavailable)
Will    .....      NoTele   +   (boots unavailable)
Stlth   +.........              (no amulet)
HPRegen 0.92/turn               (no ring)
MPRegen 0.08/turn               (no ring)

@: lethally poisoned (-1 -> -1), on berserk cooldown, slowed, very slow
A: large, unfitting armour, claws 3, regeneration 1, shaggy fur 1, tough skin 1
a: no special abilities


You were in the Dungeon.
You visited 1 branch

Inventory:

Hand Weapons
 a - a +0 flail (weapon)
Armour
 b - a +0 robe (worn)
 c - a +0 kite shield (worn)
Scrolls
 j - a scroll of blinking
Potions
 d - a potion of might
 e - a potion of curing
 f - a potion of heal wounds
 g - a potion of haste
 h - 2 potions of magic


   Skills:
 + Level 3.3 Fighting
 * Level 4.0 Maces & Flails
 + Level 2.0 Armour
 + Level 3.3 Dodging
 - Level 2.4 Shields


You had 2 spell levels left.
You didn't know any spells.
Your spell library was empty.

Dungeon Overview and Level Annotations

Branches:
Dungeon (1/1)

Altars:


Innate Abilities, Weirdness & Mutations

You are too large for most types of armour.
You have claws for hands.
Your natural rate of healing is unusually fast.
You are covered in fur. (AC +1)
You have tough skin. (AC +1)


Message History

You barely miss the iguana.
The iguana is moderately wounded.
You block the iguana's attack.
You closely miss the iguana.
The iguana is moderately wounded.
The iguana closely misses you.
You thump the iguana!
You kill the iguana!
Your Fighting skill increases to level 3!
Your Maces & Flails skill gained 2 levels and is now at level 4!
Your Armour skill increases to level 2!
Your Dodging skill increases to level 3!
You have reached level 2!
You have reached level 3!
Your experience leads to an increase in your attributes!
Increase (S)trength, (I)ntelligence, or (D)exterity?
You feel stronger. x3
You barely miss the scorpion.
You are no longer berserk.
You are exhausted.
You feel yourself slow down. You block the scorpion's attack.
You barely miss the scorpion. The scorpion stings you.
You are poisoned.
The scorpion poisons you! The scorpion stings you.
The scorpion closely misses you.
You closely miss the scorpion.
You feel very sick. The scorpion stings you.
You are more poisoned.
The scorpion poisons you! The scorpion stings you.
You hit the scorpion.
The scorpion is moderately wounded.
You feel very sick.
The scorpion stings you but does no damage.
The scorpion barely misses you.
You thump the scorpion!
The scorpion is severely wounded.
You feel very sick. The scorpion stings you!
You die... ▓▓▓▓▓▓▓▓▓▓▓▓▓▓▓▓▓▓ ▓<...†.....@so5..+ ▓▓▓▓▓▓▓▓▓▓▓▓▓▓▓▓▓▓

You could see a scorpion, an orc priest and an ufetubus.

Vanquished Creatures
  An iguana (D)
  A dart slug (D)
  An endoplasm (D)
  A ball python (D)
  A bat (D)
  2 rats (D)
7 creatures vanquished.

Notes
Turn   | Place    | Note
-------+----------+-------------------------------------------
     0 | D        | Zeldest the Troll Fighter began the quest for the Orb.
     0 | D        | Reached XP level 1. HP: 22/22 MP: 0/0
     8 | D        | Reached skill level 2 in Maces & Flails
    40 | D        | Noticed an iguana
    40 | D        | Noticed a scorpion
    40 | D        | Noticed an orc priest
    45 | D        | Reached skill level 1 in Armour
    51 | D        | Killed an iguana
    52 | D        | Reached skill level 4 in Maces & Flails
    52 | D        | Reached XP level 2. HP: 31/31 MP: 1/1
    52 | D        | Reached XP level 3. HP: 37/37 MP: 2/2
    56 | D        | Slain by a scorpion

Illustrated notes

Levels and vault maps discovered:
D:        linesprint [early_d, line_temple, items_1, d_10, items_2, lair_1,
          lair_end, items_3, orc_1, orc_end, items_4, d_15, swamp_1, shoals_1,
          snake_1, spider_1, d_20, vaults_1, items_5, swamp_end, shoals_end,
          snake_end, spider_end, vaults_end, d_27, items_6, zot_1, zot_end,
          crypt_end, forest_end, elf_end, slime_end, tomb_end, abyss_end,
          pan_hell_end]

Skill      XL: |  1 |
---------------+----+-----
Maces & Flails | 4 |  4.0
Armour         | 2 |  2.0
Fighting       | 3 |  3.3
Dodging        | 3 |  3.3
Shields        | |  2.4

Action                   || total
-------------------------++-------
Melee: Flail             ||    44
  Use: Potion            ||     1
Armor: Robe              ||    29
Dodge: Dodged            ||    18
Block: Kite shield       ||    16

Table legend: (Time is in decaauts)
 A = Elapsed time spent in this place.
 B = Non-inter-level travel time spent in this place.
 C = Inter-level travel time spent in this place.
 D = Time resting spent in this place.
 E = Time spent auto-exploring this place.
 F = Levels seen in this place.
 G = Mean time per level.
                   A        B        C        D        E       F      G
               +--------+--------+--------+--------+--------+-----+--------+
         Total |     71 |     71 |      0 |      0 |      0 |   1 |   71.0 |
       Dungeon |     71 |     71 |      0 |      0 |      0 |   1 |   71.0 |
               +--------+--------+--------+--------+--------+-----+--------+

Top non-repeatable levels by time:
       D: 71 daAuts
